 Dungeon Crawl Stone Soup version 0.17-a0-1951-g62301d3 (webtiles) character file.

80 Ordine the Twirler (level 4, 0/37 HPs)
             Began as a Minotaur Gladiator on Oct 3, 2015.
             Slain by a phantom (5 damage)
             ... on level 4 of the Dungeon.
             The game lasted 00:03:48 (2058 turns).

Ordine the Twirler (Minotaur Gladiator)             Turns: 2058, Time: 00:03:48

Health: 0/37       AC:  8    Str: 20    XL:     4   Next: 18%
Magic:  3/3        EV: 14    Int:  5    God:
Gold:   131        SH:  0    Dex: 16    Spells: 0 memorised, 3 levels left

rFire  . . .     SeeInvis .     a - +1 quarterstaff
rCold  . . .     Clarity  .     m - +0 chain mail
rNeg   . . .     SustAt   .     (no shield)
rPois  .         Gourm    .     c - +0 hat
rElec  .         Spirit   .     (no cloak)
rCorr  .         Warding  .     (no gloves)
rMut   .         Stasis   .     (no boots)
MR     .....                    (no amulet)
Stlth  ..........               (no ring)
                                (no ring)

@: agile, not resistant to hostile enchantments, extremely unstealthy
A: retaliatory headbutt, horns 2
a: no special abilities


You were on level 4 of the Dungeon.
You were hungry.

You visited 1 branch of the dungeon, and saw 4 of its levels.

You collected 131 gold pieces.

Inventory:

Hand weapons
 a - a +1 quarterstaff (weapon)
Armour
 c - a +0 hat (worn)
 m - a +0 chain mail (worn)
Scrolls
 l - a scroll of magic mapping
Potions
 f - a potion of cancellation
 j - a potion of brilliance {unknown}
 k - a potion of heal wounds {unknown}
 n - a potion of cure mutation {unknown}
Comestibles
 b - 2 slices of pizza
 e - 2 bread rations
 g - 2 meat rations


   Skills:
 - Level 2.4 Fighting
 * Level 6.1 Staves
 - Level 2.0 Throwing
 - Level 3.2 Dodging


You had 3 spell levels left.
You didn't know any spells.

Dungeon Overview and Level Annotations

Branches:
Dungeon (4/15)
 Temple: D:4-7

Altars:
Cheibriados
Dithmenos


Innate Abilities, Weirdness & Mutations

You reflexively headbutt those who attack you in melee.
You have a pair of horns on your head.


Message History

You hit the phantom. Your headbutt misses the phantom.
The phantom is heavily damaged.
The phantom blinks!
Throwing (i - inventory):
d - 3 throwing nets (quivered)
Press: ? - help, Shift-Dir - straight line, f - phantom
Aim: a phantom (heavily damaged)
You throw a throwing net.
The throwing net closely misses the phantom.
Throwing (i - inventory):
d - 2 throwing nets (quivered)
Press: ? - help, Shift-Dir - straight line, f/p - phantom
Aim: a phantom (heavily damaged)
You throw a throwing net.
The throwing net barely misses the phantom.
Throwing (i - inventory):
d - a throwing net (quivered)
Press: ? - help, Shift-Dir - straight line, f/p - phantom
Aim: a phantom (heavily damaged)
You throw a throwing net.
The throwing net closely misses the phantom.
The phantom hits you.
You die...

#..##
#######..##
##.....##..##
#(.......#..#
#...........##
#............##
#............##
##
#...W.........#
#.
##...@....###.##
##. ......#
##......## #..##
##.. ........#
#....###
##..###..#
.........#
##..## ##..#...#
..........##
#### ##....##
...........#
#...##
...........#
##.##
...........# #.#
..........<#
#.##


You could see a phantom.

Vanquished Creatures
  2 adders (D:2)
  2 oozes (D:1)
  A worm (D:2)
  A giant gecko (D:1)
  An orc (D:4)
  4 bats
  6 giant cockroaches
  10 goblins
  6 hobgoblins
  4 jackals (D:2)
  5 kobolds
  A quokka (D:3)
  A ball python (D:3)
  A giant newt (D:2)
  3 rats
48 creatures vanquished.

Notes
Turn   | Place    | Note
--------------------------------------------------------------
     0 | D:1      | Ordine the Minotaur Gladiator began the quest for the Orb.
     0 | D:1      | Reached XP level 1. HP: 18/18 MP: 0/0
    25 | D:1      | Reached skill level 4 in Staves
    61 | D:1      | Reached XP level 2. HP: 23/25 MP: 1/1
   362 | D:1      | Reached skill level 5 in Staves
   499 | D:1      | Reached XP level 3. HP: 20/30 MP: 2/2
   717 | D:2      | Found a shadowy altar of Dithmenos.
  1225 | D:2      | Reached XP level 4. HP: 37/37 MP: 3/3
  1523 | D:3      | Reached skill level 6 in Staves
  1730 | D:3      | Found a snail-covered altar of Cheibriados.
  2033 | D:4      | Noticed a phantom
  2058 | D:4      | Slain by a phantom

Vault maps used:
D:1:      lightli_arrival_noodles
D:2:      nicolae_dithmenos_shadow_blocks
D:3:      first_bread, minmay_misc_feat_plants, cheibriados_altar_1

Action                   |  1- 3 |  4- 6 || total
-------------------------+-------+-------++-------
Melee: Quarterstaff      |    74 |    31 ||   105
Throw: Throwing net      |       |     3 ||     3
  Use: Scroll            |     4 |     3 ||     7
       Potion            |       |     1 ||     1
 Stab: Sleeping          |     1 |       ||     1
  Eat: Chunk             |     1 |     2 ||     3
